[Event "Late-Titled-Tuesday-Blitz-October-03-2023"]
[Site "Chess.com"]
[Date "2023.10.03"]
[Round "10"]
[White "josiur"]
[Black "DucksParadise"]
[Result "1-0"]
[WhiteElo "2543"]
[BlackElo "2636"]
[TimeControl "180+1"]
[EndTime "15:51:51 PDT"]
[Termination "josiur won by resignation"]

1. d4 Nf6 2. Nf3 e6 3. Bf4 d5 4. e3 c5 5. Nbd2 Bd6 6. Bg3 Qc7 7. c3 Nbd7 8. Bd3 O-O 9. O-O e5 10. dxe5 Nxe5 11. Nxe5 Bxe5 12. e4 Bg4 13. Qc2 Bxg3 14.
hxg3 c4 15. exd5 cxd3 16. Qxd3 Rfd8 17. c4 b5 18. b3 bxc4 19. bxc4 Rac8 20. Rac1 Bh5 21.
Ne4 Nxe4 22. Qxe4 Bg6 23. Qd4 Qc5 24. Qd2 h6 25. Rfd1 Rd7 26. g4 f6 27. Qe2 Bf7 28. Re1 Qd6 29. Qf3 Rdc7 30. Qf5 Rxc4 31. Qxc8+ Rxc8 32. Rxc8+ Kh7 33. Rc2 Qxd5 34. Ree2 Be8 35. f3 Ba4 36. Rcd2 Qc5+ 37. Kh2 Bb5 38. Rf2 Qe5+ 39.
Kg1 a5 40. Rc2 Bd3 41. Rcd2 Qe1+ 42. Kh2 g5 43. Kg3 Qe5+ 44. Kh3 Kg6 45. Rxd3 Qe1 46. Kg3 h5 47. gxh5+ Kxh5 48. Rd2 f5 49. Kh2 Qe5+ 50.
Kg1 Qe1+ 51. Kh2 Qe5+ 52. g3 g4 53. fxg4+ fxg4 54. Rfe2 Qc7 55. Re3 Kg5 56. Rde2 Kf5 57. Rf2+ Kg5 58. Ree2 Qd6 59. Rf4 Qe5 60. Rxe5+ 1-0

[Event "Late-Titled-Tuesday-Blitz-October-03-2023"]
[Site "Chess.com"]
[Date "2023.10.03"]
[Round "10"]
[White "FairChess_on_YouTube"]
[Black "vugarrasulov"]
[Result "1/2-1/2"]
[WhiteElo "3042"]
[BlackElo "2974"]
[TimeControl "180+1"]
[EndTime "15:51:53 PDT"]
[Termination "Game drawn by repetition"]

1. e4 c5 2. Nc3 e6 3. Nge2 a6 4. d4 cxd4 5. Nxd4 Nc6 6. Nxc6 bxc6 7. Bd3 d5 8. O-O Nf6 9. Re1 Be7 10. e5 Nd7 11. Qg4 g6 12. Bh6 Rb8 13. Nd1 Rb4 14. c4 Qc7 15. Qe2 Bf8 16. Bxf8 Kxf8 17. Rc1 d4 18. c5 Kg7 19. a3 Rb8 20. b4 a5 21.
Rc4 axb4 22. axb4 Ba6 23. Rxd4 Bxd3 24. Qxd3 Nxe5 25. Qc3 f6 26. f4 Nf7 27. Rxe6 Rhd8 28. Ne3 Rxd4 29. Qxd4 Qd8 30. Qc3 Rb7 31. h3 Rd7 32. Ng4 Rd3 33. Qxf6+ Qxf6 34. Nxf6 Rd4 35. Rxc6 Rxb4 36. Ne8+ Kf8 37. Nc7 Nd8 38. Rd6 Nf7 39. Rd7 Rxf4 40. c6 Rc4 41. Ne6+ Ke8 42. Ng7+ Kf8 43. Ne6+ Ke8 44. Rc7 Ne5 45. Ng7+ Kf8 46. Ne6+ Ke8 47. Rxh7 Rxc6 48. Ng5 Nd3 49. g4 Nf4 50. Kf2 Rc3 51. Nf3 Kf8 52. h4 Nd3+ 53.
Ke2 Nf4+ 54. Kf2 Nh3+ 55. Ke2 Nf4+ 56. Kf2 1/2-1/2

[Event "Late-Titled-Tuesday-Blitz-October-03-2023"]
[Site "Chess.com"]
[Date "2023.10.03"]
[Round "10"]
[White "Arteler"]
[Black "Leebit02"]
[Result "0-1"]
[WhiteElo "2608"]
[BlackElo "2526"]
[TimeControl "180+1"]
[EndTime "15:51:54 PDT"]
[Termination "Leebit02 won by resignation"]

1. e4 c5 2. Nf3 e6 3. c3 d5 4. e5 c4 5. b3 cxb3 6. axb3 Nc6 7. d4 Nge7 8. Bd3 Ng6 9. h4 Be7 10. g3 O-O 11. h5 Nh8 12. Qc2 g6 13. Bh6 Re8 14.
Nbd2 Bd7 15. Nf1 Rc8 16. Qd2 f6 17. exf6 Bxf6 18. Ne3 e5 19. dxe5 Nxe5 20. Nxe5 Bxe5 21. Rc1 d4 22. cxd4 Rxc1+ 23. Qxc1 Bxd4 24. O-O Be6 25. Rd1 Qf6 26. Bc4 Bb6 27. Bf4 Nf7 28. Nd5 Bxd5 29. Bxd5 g5 30. Be3 Bxe3 31. fxe3 Qe5 32. Kg2 Kg7 33. e4 Re7 34. Rf1 Nd6 35. Qc5 Nxe4 36.
Rf3 Nxc5 37. Bc4 Qe4 38. Kf2 g4 39. Rf4 Qc2+ 40. Kg1 Qc1+ 41. Rf1 Qe3+ 42. Kg2 Qd2+ 43. Rf2 Qe3 44. Rf4 Ne4 45. Rxg4+ Kh6 46. Kh3 Nf2+ 47. Kh4 Nxg4 48. Kxg4 Qg5+ 0-1

[Event "Late-Titled-Tuesday-Blitz-October-03-2023"]
[Site "Chess.com"]
[Date "2023.10.03"]
[Round "10"]
[White "Nekoo04"]
[Black "venturov"]
[Result "1-0"]
[WhiteElo "2286"]
[BlackElo "2457"]
[TimeControl "180+1"]
[EndTime "15:51:55 PDT"]
[Termination "Nekoo04 won by resignation"]

1. d4 Nf6 2. c4 d6 3. Nc3 Nbd7 4. e4 e5 5. Nf3 g6 6. d5 Bg7 7. Be2 Nc5 8. Qc2 a5 9. O-O O-O 10. Bg5 h6 11. Be3 Ng4 12. Bxc5 dxc5 13. h3 Nf6 14. Nxe5 Nxd5 15. cxd5 Bxe5 16. f4 Bd4+ 17. Kh2 c6 18.
dxc6 bxc6 19. e5 Bf5 20. Ne4 Bxe4 21. Qxe4 Qd5 22. Qc2 Rab8 23. Bc4 Rxb2 24. Qxb2 Qxc4 25. Qc1 Qa4 26. Rb1 Qxa2 27. Rb7 a4 28. Kh1 a3 29. f5 g5 30. h4 Bb2 31. Qxc5 Qd5 32. Qf2 Qxe5 33.
hxg5 hxg5 34. f6 a2 35. Qxb2 Qxb2 36. Rxb2 Ra8 37. Ra1 Kh7 38. Rbxa2 Rd8 39. Ra7 Kg6 40. Rf1 g4 41. Rc7 Rd6 42. Rc1 g3 43. R7xc6 Rd3 44.
R6c3 Rd2 45. Rxg3+ Kxf6 46. Rf3+ Kg6 47. Rc7 f5 48. Rc6+ Kg5 49. Rc5 Kg4 50. Rcxf5 Rd1+ 51. Kh2 Rd8 52. R5f4+ Kg5 53. Ra4 Kg6 54. Rb3 Rh8+ 55.
Kg3 Rf8 56. Rb6+ Kg7 57. Ra7+ Kg8 58. Rab7 Kh8 59. Rb8 Rxb8 60. Rxb8+ Kg7 61. Kf4 Kg6 62. g4 1-0

[Event "Late-Titled-Tuesday-Blitz-October-03-2023"]
[Site "Chess.com"]
[Date "2023.10.03"]
[Round "10"]
[White "andjela_djidjika"]
[Black "Bala-Afiada"]
[Result "0-1"]
[WhiteElo "1970"]
[BlackElo "1932"]
[TimeControl "180+1"]
[EndTime "15:51:59 PDT"]
[Termination "Bala-Afiada won on time"]

1. e4 c5 2. Nf3 Nc6 3. Bb5 d6 4. O-O Bg4 5. h3 Bxf3 6. Qxf3 e5 7. c3 Nf6 8. d4 cxd4 9. cxd4 Qb6 10. dxe5 dxe5 11. Nc3 a6 12. Be3 Bc5 13. Nd5 Nxd5 14.
exd5 axb5 15. dxc6 Bxe3 16. fxe3 O-O 17. cxb7 Rab8 18.
Qe4 f6 19. Qd5+ Kh8 20. Rf3 Qxb7 21. Qxb7 Rxb7 22. Rc1 Rd7 23. Rc5 Rb8 24. Rf1 Rd2 25. Rfc1 h6 26. R1c2 Rd3 27. Kf2 Kh7 28. Ke2 Rd6 29.
Rc7 Ra6 30. a3 Rba8 31. Rd7 R6a7 32. Rcc7 Rxc7 33. Rxc7 Rb8 34. Kd3 Kg6 35. e4 h5 36.
Kc3 Rb6 37. Kb4 Kg5 38. Rc5 Kf4 39. Rxb5 Rd6 40. Rd5 Rb6+ 41. Kc5 Rxb2 42. a4 Kxe4 43. Rd7 Rc2+ 44. Kb6 g5 45. a5 Rb2+ 46. Kc5 Rc2+ 47. Kb4 Rb2+ 48. Kc3 Ra2 49. Kb4 Rxg2 50. a6 Rb2+ 51.
Kc4 Ra2 52. a7 Kf3 53. Rd3+ Kf4 54. Rd6 Rxa7 55. Rxf6+ Kg3 56. Re6 Ra5 57. Kd3 Kxh3 58. Ke4 g4 0-1

[Event "Late-Titled-Tuesday-Blitz-October-03-2023"]
[Site "Chess.com"]
[Date "2023.10.03"]
[Round "10"]
[White "Denis_Makhnyov"]
[Black "Beca95"]
[Result "1-0"]
[WhiteElo "2957"]
[BlackElo "2999"]
[TimeControl "180+1"]
[EndTime "15:52:03 PDT"]
[Termination "Denis_Makhnyov won by checkmate"]

1. d4 Nf6 2. c4 e6 3. Nf3 c5 4. d5 d6 5. Nc3 exd5 6. cxd5 g6 7. g3 Bg7 8. Bg2 O-O 9. O-O Re8 10. Bf4 h6 11. Qc1 g5 12. Bd2 Bf5 13. h4 g4 14.
Nh2 h5 15. Re1 Nbd7 16. Bf4 Ne5 17. Nf1 Bg6 18. Nd2 Nfd7 19. Nde4 Qe7 20. a4 a6 21. Ra3 Rab8 22. Rb3 b6 23. Bg5 Qf8 24. Nd2 Rb7 25. Bf1 Bh6 26. Bxh6 Qxh6 27. Nde4 Qf8 28. Bg2 Reb8 29.
Qf4 b5 30. axb5 axb5 31. Ra1 b4 32. Nd1 c4 33. Re3 c3 34. bxc3 b3 35. Nb2 Rb6 36. Kh2 Ra8 37. Rxa8 Qxa8 38. Nf6+ Nxf6 39. Qxf6 Qb8 40. c4 Nd7 41. Qg5 Nc5 42. Re7 Ra6 43. Nd3 Nxd3 44. exd3 Ra7 45. Re1 b2 46. Be4 Kg7 47.
Bxg6 fxg6 48. Rb1 Rf7 49. Qe3 Rb7 50. c5 Kh7 51. c6 Rb5 52. Qe7+ Kh6 53. c7 Qb6 54.
c8=Q Qxf2+ 55. Kh1 Qf3+ 56. Kg1 Qxg3+ 57. Kf1 Qxd3+ 58.
Qe2 Qxb1+ 59. Kg2 Rc5 60. Qh8# 1-0

[Event "Late-Titled-Tuesday-Blitz-October-03-2023"]
[Site "Chess.com"]
[Date "2023.10.03"]
[Round "10"]
[White "dorpato"]
[Black "Chempiblinka"]
[Result "1/2-1/2"]
[WhiteElo "2069"]
[BlackElo "2285"]
[TimeControl "180+1"]
[EndTime "15:52:03 PDT"]
[Termination "Game drawn by stalemate"]

1. e4 c5 2. Nc3 Nc6 3. g3 g6 4.
Bg2 Bg7 5. d3 e6 6. Be3 d6 7. Qd2 Nge7 8. Bh6 Bf6 9. h4 Nd4 10.
Nf3 Nec6 11. O-O Nxf3+ 12. Bxf3 Nd4 13. Bg2 Bxh4 14. gxh4 Qxh4 15. Qg5 Qxg5 16. Bxg5 e5 17. Nd5 Ne6 18. Bf6 Rg8 19. Bh3 Kd7 20. f4 exf4 21.
Nxf4 b5 22. c3 Bb7 23. d4 g5 24. Nxe6 fxe6 25. d5 g4 26. Bg2 e5 27. Bh4 Raf8 28. Rxf8 Rxf8 29. Rf1 Rf4 30. Bg5 Rxf1+ 31. Bxf1 a6 32.
Kg2 Ke8 33. Kg3 Bc8 34. Be2 h5 35. Kh4 Kf7 36. Kxh5 g3 37. Be3 Bh3 38. Kh4 Bg2 39. Kxg3 Bxe4 40. c4 b4 41. a3 a5 42. axb4 cxb4 43. c5 dxc5 44. Bxc5 Bxd5 45. Bb6 a4 46. Bc5 a3 47. bxa3 b3 48. Bd3 e4 49. Bb1 Ke6 50. Kf4 b2 51. Bd4 Bb3 52. Bxb2 Kd5 53. Bxe4+ Kc5 54. Ke3 Kb5 55. Kd2 Be6 56. Kc3 Ka4 57. Bc6+ Ka5 58. Bc1 Bc8 59. Kb2 Ba6 60. Bd2+ Kb6 61.
Be8 Bb5 62. Bf7 Ka6 63. Kb3 Bc6 64. Kb4 Kb6 65. Be3+ Ka6 66. Bc4+ Kb7 67. Bb5 Bxb5 68. Kxb5 Ka8 69. a4 Kb7 70. Ka5 Ka8 71. Bf4 Kb7 72.
Kb5 Ka8 73. Kc6 Ka7 74. Kc7 Ka8 75. Kc8 Ka7 76. Bc7 Ka8 77. a5 Ka7 78. Bb6+ Ka8 79.
Kd7 Kb7 80. Kd6 Ka8 81. Kc6 Kb8 82. Bc7+ Ka8 83. Kb6 1/2-1/2

[Event "Late-Titled-Tuesday-Blitz-October-03-2023"]
[Site "Chess.com"]
[Date "2023.10.03"]
[Round "10"]
[White "carlospaul1990"]
[Black "Bilan_Danila"]
[Result "0-1"]
[WhiteElo "2366"]
[BlackElo "2551"]
[TimeControl "180+1"]
[EndTime "15:52:04 PDT"]
[Termination "Bilan_Danila won on time"]

1. d4 d5 2. c4 c6 3. Nf3 Nf6 4.
g3 Bf5 5. Nc3 e6 6. Qb3 Qc8 7.
Bg5 Nbd7 8. Rc1 Be7 9. Bg2 O-O 10. O-O h6 11. Bf4 Ne4 12. Nd2 Nxc3 13. bxc3 Bg5 14. Bxg5 hxg5 15. cxd5 exd5 16. c4 dxc4 17. Nxc4 Nb6 18.
Nd6 Qd7 19. Nxf5 Qxf5 20. e4 Qd7 21. Rfd1 Rfd8 22. Qe3 Qe7 23. Qb3 Rd6 24. a4 Rad8 25. a5 Nc8 26. Qb2 f6 27. Rc4 b6 28. axb6 axb6 29. Rdc1 c5 30. dxc5 bxc5 31. Qb3 Kh7 32. Rxc5 Na7 33. Rd5 Nc6 34. Rcd1 Ne5 35. f4 Qa7+ 36. Kh1 Ng4 37. h3 Nf2+ 38. Kh2 Nxd1 39. Qxd1 Rxd5 40. exd5 gxf4 41. gxf4 Qc7 42. Qh5+ Kg8 43.
Qf5 Qd6 44. Be4 Rb8 45. Qh7+ Kf8 46. Qh8+ Kf7 47. Qh5+ Ke7 48. Qg4 g5 49. Kg2 Rb2+ 50. Kg3 Rb3+ 51. Bf3 Rb4 52. Qf5 Qxf4+ 53. Qxf4 Rxf4 54. Bg2 Kd6 55. Bf3 Ke5 56. Bg2 Rd4 57.
Bf3 f5 58. Bg2 Rd3+ 59. Bf3 Kd4 60. h4 g4 61. h5 Rxf3+ 62. Kg2 Kxd5 0-1

[Event "Late-Titled-Tuesday-Blitz-October-03-2023"]
[Site "Chess.com"]
[Date "2023.10.03"]
[Round "10"]
[White "zajka-molotok"]
[Black "szachmistrz2500"]
[Result "1/2-1/2"]
[WhiteElo "2564"]
[BlackElo "2453"]
[TimeControl "180+1"]
[EndTime "15:52:05 PDT"]
[Termination "Game drawn - insufficient material"]

1. e4 c5 2. Nf3 d6 3. Bb5+ Bd7 4. Bxd7+ Qxd7 5. c4 Nc6 6. d4 cxd4 7. Nxd4 Nf6 8. Nc3 g6 9. O-O Bg7 10. Be3 O-O 11. f3 Rac8 12. b3 Nxd4 13. Bxd4 a6 14.
Qd3 Qc6 15. a4 Rfe8 16. a5 Nd7 17. Bxg7 Kxg7 18. Qd4+ f6 19. Nd5 Qc5 20. Rfd1 Qxd4+ 21. Rxd4 Nc5 22. Rb1 Ne6 23. Rd2 Rc5 24. Ra1 Kf7 25.
Kf2 Nc7 26. Nb6 Na8 27. Nd5 Nc7 28. Ne3 Rb8 29. b4 Rc6 30. Ra4 b5 31. axb6 Rcxb6 32. Rb2 Ke6 33. Ke2 f5 34. Kd3 fxe4+ 35. fxe4 Rf8 36.
Nd5 Nxd5 37. exd5+ Kd7 38. Re2 Rfb8 39. Kc3 Rf8 40.
c5 dxc5 41. bxc5 Rc8 42. Kd4 Rf6 43. c6+ Kd6 44. Rxa6 Rf4+ 45. Re4 Rxe4+ 46. Kxe4 Rb8 47. Ra4 Rb2 48. Rc4 Kc7 49. Ke5 Re2+ 50. Re4 Rxg2 51. Ke6 Rxh2 52. Kxe7 Rd2 53. Ke6 g5 54. Re5 h6 55.
Rf5 g4 56. Rf7+ Kb6 57. Rb7+ Ka6 58. d6 g3 59. Rg7 g2 60. d7 Kb6 61. Ke7 Re2+ 62.
Kf8 Rf2+ 63. Kg8 Rd2 64. Rg6 g1=Q 65. Rxg1 Kxc6 66. Rg6+ Kxd7 67. Rxh6 Rg2+ 68. Kh7 Ke7 69. Rg6 Rxg6 70. Kxg6 1/2-1/2

[Event "Late-Titled-Tuesday-Blitz-October-03-2023"]
[Site "Chess.com"]
[Date "2023.10.03"]
[Round "10"]
[White "JoakimVonAnd"]
[Black "victormago"]
[Result "1/2-1/2"]
[WhiteElo "2702"]
[BlackElo "2526"]
[TimeControl "180+1"]
[EndTime "15:52:06 PDT"]
[Termination "Game drawn by repetition"]

1. d4 Nf6 2. c4 c5 3. d5 e6 4.
Nc3 exd5 5. cxd5 d6 6. Nf3 g6 7. Bf4 a6 8. a4 Bg7 9. h3 O-O 10. e3 Qe7 11. Be2 Nbd7 12. O-O Ne8 13. Nd2 Ne5 14. Bh2 f5 15. f4 Nf7 16. e4 Bd4+ 17.
Kh1 Bxc3 18. bxc3 fxe4 19. Qc2 Nf6 20. Rae1 Re8 21. Bf3 Bf5 22. Qb2 Qc7 23. Bd1 Rab8 24. c4 e3 25. Nf3 Ne4 26. Rxe3 Ng3+ 27. Bxg3 Rxe3 28. Bf2 Ree8 29. Bh4 Qd7 30. Kh2 Bd3 31. Rf2 Bxc4 32. Bf6 Bxd5 33. Rd2 Bc6 34. Qa2 d5 35. Bb3 b5 36. Ba1 bxa4 37. Bxd5 Bxd5 38. Rxd5 Qe6 39.
Qd2 Rb3 40. Ne5 Nxe5 41. Rxe5 Qf7 42. Rxe8+ Qxe8 43. Qd5+ Kf8 44. Qd6+ Qe7 45. Qxa6 Qc7 46. Qxa4 Rb4 47. Qa8+ Kf7 48. Be5 Qb7 49. Qh8 Ke6 50. Qf6+ Kd5 51. Qd6+ Kc4 52. Qd2 Qd5 53. Qa2+ Rb3 54. Qa4+ Rb4 55. Qa6+ Kb3 56. Qa1 Qd2 57.
Qb1+ Kc4 58. Qe4+ Kb5 59. Qb7+ Kc4 60. Qe4+ Kb5 61. Qb7+ Kc4 62. Qa6+ Kb3 63. Qa1 c4 64. Qb1+ Ka4 65. Qa1+ Kb3 66. Qb1+ Ka4 67. Qa1+ Kb3 1/2-1/2

[Event "Late-Titled-Tuesday-Blitz-October-03-2023"]
[Site "Chess.com"]
[Date "2023.10.03"]
[Round "10"]
[White "Langua_Chess"]
[Black "babero_gordo"]
[Result "1-0"]
[WhiteElo "2475"]
[BlackElo "1981"]
[TimeControl "180+1"]
[EndTime "15:52:06 PDT"]
[Termination "Langua_Chess won by resignation"]

1. e4 c5 2. Nf3 e6 3. d4 cxd4 4.
Nxd4 Nc6 5. Nc3 Qc7 6. Be3 a6 7. Qf3 b5 8. Qg3 Bd6 9. f4 Nxd4 10. Bxd4 Ne7 11. e5 Bc5 12. Bxc5 Qxc5 13. Qxg7 Rg8 14. Qxh7 Qe3+ 15. Ne2 Bb7 16. Qd3 Nf5 17. Qxe3 Nxe3 18. Kf2 Nxf1 19. Rhxf1 Rxg2+ 20. Ke3 Rc8 21. c3 Rc4 22. Nd4 Rxb2 23. Rac1 Rxa2 24. f5 Ra3 25. Kd2 Ra2+ 26. Ke3 Rxh2 27. Rg1 Rh3+ 28. Kf4 Rh4+ 29. Kg5 Rh8 30. Kf6 exf5 31. Nxf5 Rc6+ 32. Nd6+ Kf8 33. Rg7 Rh6+ 34. Kg5 Kxg7 35. Ne8+ Kh7 36. Nf6+ Rhxf6 37. exf6 Rc5+ 38. Kf4 Rc4+ 39. Ke5 a5 40. Kd6 a4 41.
Kxd7 a3 42. Ke7 a2 43. Ra1 Ra4 44. Kxf7 Bd5+ 45. Ke7 Ra3 46. f7 Bxf7 47. Kxf7 Ra4 48. Ke6 Kg6 49. Kd5 Kf5 50. Kc5 Ra5 51. Kb4 Ra8 52. Kxb5 Ke5 53. Kb4 Kd5 54. Kb3 Kc5 55. Rxa2 Rxa2 56. Kxa2 Kc4 57. Kb2 Kc5 58. Kb3 Kb5 59.
Kc2 Kc5 60. Kd3 Kd5 61. c4+ Kc5 62. Kc3 Kc6 63. Kb4 Kd6 64. Kb5 Kc7 65. Kc5 Kc8 66.
Kc6 Kd8 67. Kb7 Kd7 68. c5 1-0

[Event "Late-Titled-Tuesday-Blitz-October-03-2023"]
[Site "Chess.com"]
[Date "2023.10.03"]
[Round "10"]
[White "WPWPWP-2015"]
[Black "Mikhail_Golubev"]
[Result "0-1"]
[WhiteElo "2516"]
[BlackElo "2615"]
[TimeControl "180+1"]
[EndTime "15:52:09 PDT"]
[Termination "Mikhail_Golubev won by checkmate"]

1. e4 c5 2. Nf3 d6 3. d4 Nf6 4. Nc3 cxd4 5. Nxd4 g6 6. Be2 Bg7 7. O-O O-O 8. Nb3 Nc6 9. Be3 Ne5 10. h3 Be6 11. Nd4 Bc4 12. Bd3 Nxd3 13. cxd3 Ba6 14. Qd2 e5 15. Nf3 d5 16. Bc5 Re8 17. Rfe1 Rc8 18. Ba3 d4 19. Ne2 Qb6 20. Rec1 Qb5 21. Ne1 Nxe4 22. Qb4 Qxb4 23. Bxb4 Nf6 24. Bd2 Nd5 25.
f3 f5 26. Kf2 Kf7 27. a3 b6 28. g4 f4 29. h4 Ne3 30. Ng1 h6 31. Nh3 Bf6 32.
g5 Be7 33. Rxc8 Rxc8 34. Rc1 Rxc1 35. Bxc1 Nf5 36. gxh6 Bxh4+ 37. Ke2 Nxh6 38. Ng2 g5 39. Nxh4 gxh4 40. Bd2 Nf5 41. Be1 Kg6 42. Bf2 Kh5 43. Kd2 Ne3 44. Ng1 Bc8 45. Ke2 h3 46. Nxh3 Bxh3 47. Be1 Bf1+ 48. Kd2 Kg5 49. a4 Nd5 50. Kc2 a5 51. b3 Nb4+ 52. Kd2 Nxd3 53. Bf2 Nc5 54. Bg1 Bg2 55. Kc2 Bxf3 56. Bf2 Be4+ 57.
Kd2 Nxb3+ 58. Kd1 Nc5 59. Be1 Nxa4 60. Ke2 Nc3+ 61. Kd2 b5 62. Kc1 b4 63. Kd2 a4 64.
Bf2 a3 65. Be1 a2 66. Bf2 a1=Q 67. Bh4+ Kg4 68. Bg5 Qd1# 0-1

[Event "Late-Titled-Tuesday-Blitz-October-03-2023"]
[Site "Chess.com"]
[Date "2023.10.03"]
[Round "10"]
[White "rdarruda"]
[Black "LeninGuerra"]
[Result "0-1"]
[WhiteElo "2476"]
[BlackElo "2583"]
[TimeControl "180+1"]
[EndTime "15:52:14 PDT"]
[Termination "LeninGuerra won by resignation"]

1. d4 c5 2. d5 Nf6 3. Nc3 d6 4. e4 g6 5. Nf3 Bg7 6. g3 O-O 7. Bg2 a6 8. a4 b6 9. O-O Bb7 10. Re1 Nbd7 11. Nd2 Re8 12. Nc4 Qc7 13. h3 e6 14.
dxe6 Rxe6 15. h4 Rae8 16. Bf4 Ne5 17. Ne3 Qb8 18. Bg5 b5 19. axb5 axb5 20. Bxf6 Bxf6 21.
Ncd5 Bg7 22. Bh3 Nc4 23. Bxe6 fxe6 24. Nxc4 exd5 25. Na5 Bxb2 26. Nxb7 Bxa1 27. Qxa1 Qxb7 28. exd5 Rxe1+ 29. Qxe1 Qxd5 30. Qe8+ Kg7 31. Qxb5 Qe6 32. c4 Qe1+ 33. Kg2 Qe4+ 34. Kh2 Qf5 35. Qb2+ Qf6 36. Qd2 Kf7 37. Kg2 Qe5 38. Qd3 Ke6 39. Qf3 d5 40. Qg4+ Qf5 41. cxd5+ Kxd5 42. Qd1+ Ke5 43. Qa1+ Kd6 44.
Qa6+ Kd5 45. Qa8+ Kd4 46. Qa1+ Kc4 47. Qa2+ Kb5 48. Qb3+ Kc6 49. Qa4+ Kd5 50. Qa8+ Kd4 51. Qa1+ Kd3 52. Qb1+ Kd2 53. Qa2+ Qc2 54. Qd5+ Kc1 55. Qg5+ Kb1 56. Qh6 c4 57. Qxh7 c3 58. Qb7+ Kc1 59. g4 Qd2 60. h5 gxh5 61. gxh5 c2 62. Qb6 Qg5+ 63. Kf1 Qd2 64. h6 Kd1 65. Qb3 Qxh6 66. Qd3+ Qd2 67. Qb3 Qd4 68. f3 Kd2 69. Qa2 Qd3+ 70.
Kg2 Kd1 71. Qa4 Ke1 72. Qb4+ Qd2+ 73. Qxd2+ Kxd2 0-1

[Event "Late-Titled-Tuesday-Blitz-October-03-2023"]
[Site "Chess.com"]
[Date "2023.10.03"]
[Round "10"]
[White "ChadBiryani"]
[Black "flukeyNZ"]
[Result "1-0"]
[WhiteElo "2501"]
[BlackElo "2243"]
[TimeControl "180+1"]
[EndTime "15:52:31 PDT"]
[Termination "ChadBiryani won by resignation"]

1. Nf3 Nf6 2. c4 g6 3. g3 Bg7 4. Bg2 O-O 5. O-O d6 6. Nc3 c5 7.
b3 Ne4 8. Bb2 Nxc3 9. Bxc3 Bxc3 10. dxc3 Nd7 11. Qd2 Nf6 12. h3 Kg7 13. Rfe1 Rb8 14.
e4 b6 15. Rad1 Bb7 16. Qc2 Qc7 17. e5 dxe5 18. Nxe5 Bxg2 19. Kxg2 Rbd8 20. Qe2 Rxd1 21. Rxd1 Qb7+ 22. f3 Qc7 23. Ng4 Nxg4 24. hxg4 Rd8 25. Rxd8 Qxd8 26. Qe5+ f6 27. Qe2 Kf7 28. Qe3 Qd1 29.
Qe4 Qd2+ 30. Kh3 Qxa2 31. Qd5+ Kf8 32. Qd8+ Kf7 33. Qh8 g5 34. Qxh7+ Ke8 35. Qg8+ Kd7 36. Qd5+ Ke8 37. f4 Qxb3 38. fxg5 fxg5 39. Qg8+ Kd7 40.
Qd5+ Ke8 41. Qg8+ Kd7 42. Qxg5 Qxc4 43. Qf5+ Qe6 44. Qd3+ Kc6 45. Qa6 Qh6+ 46. Kg2 Qd2+ 47. Kh3 Qh6+ 48. Kg2 Qd2+ 49. Kh3 Qxc3 50. g5 c4 51. g6 Qd3 52. Qc8+ Kb5 53. Qe8+ Kb4 54. Qxe7+ Kb3 55. g7 Qh7+ 56. Kg4 c3 57. Qe6+ Kb2 58.
g8=Q Qxg8+ 59. Qxg8 c2 60. Qg7+ Kb1 61. Qg6 Kb2 62.
Qf6+ Kb1 63. Qf5 Kb2 64. Qe5+ Kb1 65. Qe4 Kb2 66. Qd4+ Kb1 67. Qd3 a5 68. Qb3+ Kc1 69.
Qxb6 a4 70. Qe3+ Kd1 71. Qd3+ Kc1 72. Kh5 a3 73. Qxa3+ Kb1 74. Qb3+ Kc1 75. Qxc2+ Kxc2 76. g4 1-0

[Event "Late-Titled-Tuesday-Blitz-October-03-2023"]
[Site "Chess.com"]
[Date "2023.10.03"]
[Round "10"]
[White "KaydenTroffChess"]
[Black "Jospem"]
[Result "0-1"]
[WhiteElo "2792"]
[BlackElo "3059"]
[TimeControl "180+1"]
[EndTime "15:52:38 PDT"]
[Termination "Jospem won by resignation"]

1. d4 Nf6 2. Nf3 e6 3. Bf4 b6 4. e3 Bb7 5. Nbd2 Be7 6. Bd3 c5 7.
c3 cxd4 8. exd4 d6 9. O-O O-O 10. Qe2 a6 11. a4 Nbd7 12. Rfe1 Re8 13. Bg3 Qc7 14. Ne4 Nxe4 15. Bxe4 Nf6 16. Bxb7 Qxb7 17.
Bh4 b5 18. axb5 axb5 19. Nd2 Rec8 20. h3 h6 21. Qd3 Qd5 22. b3 Qb7 23. c4 bxc4 24.
bxc4 Rxa1 25. Rxa1 Nh5 26. Bxe7 Qxe7 27. Qf3 Nf6 28.
Ra8 Qd8 29. Rxc8 Qxc8 30. Qb3 Kf8 31. Qb5 Ke7 32. c5 dxc5 33. dxc5 Qd7 34. Qb4 Qc6 35. Qb6 Qd5 36. Nf3 Nd7 37. Qb2 f6 38. Qc2 Qxc5 39.
Qh7 Kf7 40. Qd3 Qd5 41. Qc2 Nc5 42. Qb1 Ne4 43. Qc2 f5 44. Qb2 Kg8 45. Ne5 Kh7 46. Nf3 Qd1+ 47. Kh2 Qd6+ 48. Kg1 Qc5 49. Qe2 Qc1+ 50. Qe1 Qc5 51. Kf1 g5 52. Kg1 Kg7 53.
Nh2 Kg6 54. Nf1 Qc3 55. Qxc3 Nxc3 56. Ne3 Kf6 57. Kf1 Ke5 58. Ke1 Nd5 59. Nf1 Nf4 60. Ne3 Nd5 61. Nd1 Kd4 62. Kf1 Kd3 63. Nb2+ Kd4 64.
Nd1 h5 65. g3 e5 66. Ke1 e4 67. Kd2 f4 68. gxf4 gxf4 69. Ke1 Nc7 70. Nb2 Ne6 71. Na4 Ng5 72. Nb6 Nxh3 73. Kf1 Ng5 74. Nd7 h4 75.
Nf6 h3 76. Ng4 Kd5 77. Kg1 Nf3+ 78. Kh1 Ke6 79. Nh6 Ne5 80. Kh2 e3 81. fxe3 fxe3 82.
Kg3 e2 83. Kf2 h2 84. Nf5 Kxf5 0-1

[Event "Late-Titled-Tuesday-Blitz-October-03-2023"]
[Site "Chess.com"]
[Date "2023.10.03"]
[Round "10"]
[White "CarlosjPineror"]
[Black "louis198"]
[Result "1/2-1/2"]
[WhiteElo "2522"]
[BlackElo "2631"]
[TimeControl "180+1"]
[EndTime "15:52:49 PDT"]
[Termination "Game drawn by repetition"]

1. e4 e6 2. d4 d5 3. e5 c5 4. c3 Nc6 5. Nf3 Qb6 6. a3 c4 7. Be2 Na5 8. Nbd2 Bd7 9. O-O Ne7 10. Rb1 Qc7 11. h4 Nc8 12. h5 h6 13. Ne1 Nb6 14. Bg4 O-O-O 15. f4 g6 16. Qf3 Be7 17. Qh3 Qc6 18.
g3 Kb8 19. Ng2 Rdg8 20. Ne3 gxh5 21. Bxh5 Rg7 22. Kh2 Rhg8 23. Rg1 f6 24. exf6 Bxf6 25. Qf1 Be8 26. Qf3 Nc8 27. Bxe8 Qxe8 28. f5 Bg5 29. Ndf1 Nb3 30. Rg2 Nb6 31. Bd2 Nxd2 32. Nxd2 Bxe3 33. Qxe3 Qh5+ 34. Kg1 Qxf5 35. Rf1 Qh3 36. Rf3 Nd7 37. Nf1 Rg5 38. Rf7 e5 39. dxe5 Nxe5 40. Qf4 a6 41.
Re7 Rf5 42. Qd4 Nc6 43. Qe3 Nxe7 44. Qxe7 Qg4 45. Ne3 Qg5 46. Nxf5 Qxf5 47. Qe3 h5 48. Kh2 Qe4 49. Qxe4 dxe4 50. Re2 Rg4 51. Kh3 Kc7 52. Rf2 e3 53. Re2 Re4 54. Kg2 Kd6 55. Kf3 Ke5 56. Rxe3 Rxe3+ 57. Kxe3 b5 58. a4 bxa4 59. Kf3 Kf5 60. Kg2 Kg4 61. Kf2 a5 62. Kg2 a3 63.
bxa3 a4 64. Kf2 Kg5 65. Kf3 Kf5 66. Kf2 Ke5 67. Ke3 Kf5 68. Kf3 Kg5 69. Kg2 Kf5 70. Kf3 Ke5 71. Ke3 Kf5 72. Kf3 1/2-1/2

[Event "Late-Titled-Tuesday-Blitz-October-03-2023"]
[Site "Chess.com"]
[Date "2023.10.03"]
[Round "10"]
[White "GlavkonVVS"]
[Black "Mikhal867"]
[Result "1/2-1/2"]
[WhiteElo "2567"]
[BlackElo "2462"]
[TimeControl "180+1"]
[EndTime "15:52:53 PDT"]
[Termination "Game drawn by repetition"]

1. Nf3 c5 2. g3 Nc6 3. Bg2 e5 4. d3 d5 5. O-O f6 6. c4 d4 7. e3 Be6 8. exd4 cxd4 9. Re1 Qd7 10. a3 a5 11. Nbd2 Nh6 12. Ne4 Nf7 13. Qa4 Nb8 14. Qc2 Be7 15. Bd2 a4 16. Bb4 Nc6 17. Bxe7 Qxe7 18.
b4 axb3 19. Qxb3 O-O 20. Reb1 Rfb8 21. Qb6 Ra6 22. Qc5 Qd8 23. a4 Ra5 24. Rb5 Rba8 25. h3 h6 26. Ned2 Nd6 27. Rxa5 Rxa5 28. Qa3 b5 29. Qc5 Ne7 30. Nb3 Rxa4 31. Rxa4 bxa4 32. Na5 Nec8 33. Qb4 Bd7 34. c5 Ne8 35. c6 Be6 36. Qxa4 Kh8 37. Nd2 Qb6 38. Ndc4 Qb1+ 39. Kh2 Qxd3 40.
Qb5 Bxc4 41. Qxc4 Qd2 42. f3 Qxa5 43. Qe6 Ncd6 44. Qd7 Qc7 45. f4 d3 46. fxe5 fxe5 47.
Bf3 e4 48. Bh5 d2 49. Kg1 Kg8 50. Kf2 Kf8 51. Ke2 g6 52. Bxg6 Qxd7 53. cxd7 Ke7 54.
dxe8=Q+ Nxe8 55. Bxe4 Nd6 56. Bf3 Nc4 57. Bd5 Ne5 58. Kxd2 Kf6 59. Be4 Kg5 60. Ke3 Nf7 61.
h4+ Kf6 62. Kf4 Nd6 63. Bd3 Nc8 64. g4 Ne7 65. Be4 Nc8 66. g5+ hxg5+ 67. hxg5+ Kg7 68. Bf5 Nd6 69. Bd3 Ne8 70. Kf5 Nd6+ 71. Ke6 Nb7 72. Be4 Nc5+ 73. Ke5 Nxe4 74. Kxe4 Kg6 75. Kf4 Kg7 76.
Kg3 Kg6 77. Kh4 Kg7 78. Kh5 Kh7 79. Kh4 Kg6 80. Kg4 Kg7 81. Kf5 Kf7 82. g6+ Kg7 83.
Kg5 Kg8 84. Kh6 Kh8 85. Kh5 Kg7 86. Kg5 Kg8 87. Kg4 Kg7 88. Kf5 Kg8 89. Kf6 Kf8 90. Ke5 Kg7 91. Kf5 Kg8 92. Kg5 Kg7 93. Kh5 Kg8 94.
Kh6 Kh8 95. Kh5 Kg7 96. Kg5 1/2-1/2